 Dungeon Crawl Stone Soup version 0.28-a0-1567-g1695149f81 (webtiles) character file.

Game seed: 2471695621340995946

667 HallandMoats the Chopper (level 7, -7/60 HPs)
             Began as a Minotaur Fighter on Jan 19, 2022.
             Was a Believer of Okawaru.
             Mangled by Duvessa (8 damage)
             ... on level 5 of the Dungeon.
             The game lasted 00:03:42 (4211 turns).

HallandMoats the Chopper (Minotaur Fighter)         Turns: 4211, Time: 00:03:43

Health: -7/60      AC:  7    Str: 21    XL:     7   Next: 31%
Magic:  7/8        EV: 10    Int:  5    God:    Okawaru [**....]
Gold:   138        SH:  5    Dex: 11    Spells: 6/6 levels left

rFire   + . .      SeeInvis .   a - +0 war axe
rCold   + . .      Faith    .   c - +0 buckler
rNeg    . . .      Spirit   .   b - +0 scale mail
rPois   +          Reflect  .   (helmet restricted)
rElec   +          Harm     .   (no cloak)
rCorr   +          Rampage  .   (no gloves)
Will    .....                   (no boots)
Stlth   ..........              (no amulet)
HPRegen 0.20/turn               (no ring)
MPRegen 0.11/turn               (no ring)

@: lethally poisoned (-7 -> -14), resistant, flying
A: horns 2, retaliatory headbutt
a: Renounce Religion, Heroism


You were on level 5 of the Dungeon.
You worshipped Okawaru.
Okawaru was pleased with you.
You visited 1 branch of the dungeon, and saw 5 of its levels.

You collected 138 gold pieces.

Inventory:

Hand Weapons
 a - a +0 war axe (weapon)
Armour
 b - a +0 scale mail (worn)
 c - a +0 buckler (worn)
Jewellery
 m - a ring of ice
Scrolls
 e - 2 scrolls of blinking {unknown}
 f - 5 scrolls of identify {unknown}
 g - 4 scrolls of teleportation {unknown}
 j - a scroll of fear {unknown}
 k - a scroll of vulnerability {unknown}
Potions
 h - 2 potions of resistance
 i - 2 potions of flight
 l - a potion of curing {unknown}


   Skills:
 + Level 4.8 Fighting
 * Level 5.4 Axes
 + Level 4.9 Armour
 + Level 3.0 Dodging
 + Level 4.8 Shields
 * Level 3.7 Invocations


You had 6 spell levels left.
You didn't know any spells.
Your spell library was empty.

Dungeon Overview and Level Annotations

Branches:
Dungeon (5/15)             Temple (0/1) D:4

Altars:
Hepliaklqana
Okawaru

Shops:
D:3 (   D:4 *

Annotations:
D:5 Duvessa, Prince Ribbit


Innate Abilities, Weirdness & Mutations

You have a pair of horns on your head.
You reflexively headbutt those who attack you in melee.


Message History

You slash the scorpion!
You kill the scorpion!
Okawaru accepts your kill.
You slash Dowan!
You feel very sick. The gnoll hits you but does no damage.
An ufetubus comes into view.
You block Duvessa's attack.
Prince Ribbit blinks!
Dowan hits you but does no damage.
You writhe in agony.
* * * LOW HITPOINT WARNING * * *
You closely miss Duvessa.
Duvessa is almost dead.
You miss Dowan.
You feel very sick.
The gnoll hits you from afar with a +0 spear.
* * * LOW HITPOINT WARNING * * *
Duvessa hits you with a +0 short sword.
* * * LOW HITPOINT WARNING * * *
Dowan hits you but does no damage.
You writhe in agony.
* * * LOW HITPOINT WARNING * * *
It was a potion of flight.
You feel very buoyant.
You fly up into the air.
You feel like a meek peon again.
* * * LOW HITPOINT WARNING * * *
You feel sick.
The gnoll hits you from afar with a +0 spear.
* * * LOW HITPOINT WARNING * * *
Duvessa misses you. Dowan misses you. You furiously retaliate!
You headbutt Dowan.
You kill Dowan!
Okawaru accepts your kill.
Duvessa screams in rage.
Duvessa goes berserk!
Your Dodging skill increases to level 3!
It was a potion of resistance.
You feel protected.
* * * LOW HITPOINT WARNING * * *
You feel sick. Duvessa hits you with a +0 short sword!
You die...

## .....e.
...##. .......
...... .......
...... .......
......###.......
...5............
..............#
#.....)#
#....@.#
#..g.e..#
#..#....... ....
..F....... ...
#.......... ##
###........
......#..
.##.###..


You could see Prince Ribbit, Duvessa (berserk), a gnoll and an ufetubus.

Vanquished Creatures
  2 ogres (D:4)
  4 scorpions
  Dowan (D:5)
  A hound (D:4)
  A bullfrog skeleton (D:3)
  A centaur skeleton (D:5)
  Jessica (D:2)
  2 adders (D:4)
  A shadow imp (D:4)
  2 adder skeletons (D:4)
  3 orcs
  4 ball pythons
  8 endoplasms
  A giant cockroach (D:1)
  7 goblins
  6 hobgoblins
  8 kobolds
  4 quokkas
  4 bats
  5 frilled lizards
  A jackal skeleton (D:4)
  7 rats
74 creatures vanquished.

Notes
Turn   | Place    | Note
-------+----------+-------------------------------------------
     0 | D:1      | HallandMoats the Minotaur Fighter began the quest for the
                  | Orb.
     0 | D:1      | Reached XP level 1. HP: 19/19 MP: 0/0
    45 | D:1      | Found a faded altar of an unknown god.
    58 | D:1      | Prayed at the altar of an unknown god.
    58 | D:1      | Became a worshipper of Warmaster Okawaru
    58 | D:1      | Reached * piety under Okawaru
    90 | D:1      | Reached XP level 2. HP: 13/27 MP: 1/1
   519 | D:1      | Reached skill level 1 in Dodging
   527 | D:1      | Reached skill level 3 in Axes
   961 | D:1      | Reached skill level 1 in Invocations
  1019 | D:2      | Noticed Jessica
  1027 | D:2      | Killed Jessica
  1028 | D:2      | Reached XP level 3. HP: 31/33 MP: 2/2
  1111 | D:2      | Found a hazy altar of Hepliaklqana.
  1772 | D:2      | Reached XP level 4. HP: 40/40 MP: 4/4
  2047 | D:3      | Found Aridipna's Antique Weapon Boutique.
  2334 | D:3      | Found a faded altar of an unknown god.
  2779 | D:4      | Reached XP level 5. HP: 46/46 MP: 5/5
  2794 | D:4      | Found Yheq's Assorted Antiques.
  3093 | D:4      | Reached skill level 4 in Axes
  3144 | D:4      | Found a staircase to the Ecumenical Temple.
  3251 | D:4      | Reached ** piety under Okawaru
  3291 | D:4      | Reached XP level 6. HP: 34/53 MP: 5/7
  3942 | D:4      | Reached skill level 5 in Axes
  4051 | D:5      | Entered Level 5 of the Dungeon
  4052 | D:5      | Noticed Dowan
  4052 | D:5      | Noticed Duvessa
  4058 | D:5      | Noticed Prince Ribbit
  4062 | D:5      | Reached XP level 7. HP: 43/60 MP: 8/8
  4210 | D:5      | HP: 3/60 [gnoll (1)]
  4210 | D:5      | Killed Dowan
  4211 | D:5      | HP: 1/60 [poisoned by a scorpion]
  4211 | D:5      | Mangled by Duvessa

Illustrated notes

Levels and vault maps discovered:
D:1:      dpeg_arrival_rooms_a, layout_basic, hellmonk_ecumenical_altar_zigzags,
          chequers_jeans, minivault_24, minmay_misc_feat_alley
D:2:      layout_basic, basic_altar, uniq_jessica
D:3:      layout_basic, nicolae_overflow_ecumenical_swirl, serial_shops,
          nicolae_shop_waterfront
D:4:      layout_basic, minmay_temple_entry_trees, serial_shops, shop,
          minmay_mini_jars
D:5:      layout_cave_pools, biasface_ghost_orc_armoury, uniq_edmund,
          uniq_duvessa, uniq_prince_ribbit1, uniq_eustachio

Skill      XL: |  1  2  3  4  5  6  7 |
---------------+----------------------+-----
Dodging        | 1 2 3 |  3.0
Axes           | 3 4 5 |  5.4
Invocations    | 1 2 3 |  3.7
Armour         | 4 |  4.9
Fighting       | 4 |  4.8
Shields        | 4 |  4.8

Action                   |  1- 3 |  4- 6 |  7- 9 || total
-------------------------+-------+-------+-------++-------
Melee: War axe           |    66 |    78 |    11 ||   155
       Headbutt          |     9 |    11 |     5 ||    25
Invok: Heroism           |       |       |     1 ||     1
  Use: Potion            |       |     1 |     2 ||     3
Armor: Scale mail        |    30 |    38 |    10 ||    78
Dodge: Dodged            |    31 |    37 |    11 ||    79
Block: Buckler           |     9 |     9 |     5 ||    23

Table legend: (Time is in decaauts)
 A = Elapsed time spent in this place.
 B = Non-inter-level travel time spent in this place.
 C = Inter-level travel time spent in this place.
 D = Time resting spent in this place.
 E = Time spent auto-exploring this place.
 F = Levels seen in this place.
 G = Mean time per level.
                   A        B        C        D        E       F      G
               +--------+--------+--------+--------+--------+-----+--------+
         Total |   4264 |   4097 |    167 |    132 |   3516 |   5 |  852.8 |
       Dungeon |   4264 |   4097 |    167 |    132 |   3516 |   5 |  852.8 |
               +--------+--------+--------+--------+--------+-----+--------+

Top non-repeatable levels by time:
     D:4: 1445 daAuts
     D:1: 1024 daAuts
     D:2: 896 daAuts
     D:3: 870 daAuts
     D:5: 26 daAuts
